 Dungeon Crawl Stone Soup version 0.31-a0-1327-g8c40ea976f (webtiles) character file.

Game seed: 12393448716082597358

1841538 iamserjio the Evocator (level 27, 186/186 HPs)
             Began as an Octopode Wanderer on Dec 21, 2023.
             Was the Champion of Hepliaklqana.
             Escaped with the Orb
             ... and 3 runes
             ... and 1 gem!
             The game lasted 01:40:45 (64259 turns).

iamserjio the Evocator (Octopode Wanderer)         Turns: 64259, Time: 01:40:46

Health: 186/186    AC:  7    Str: 22    XL:     27
Magic:  45/45      EV: 51    Int: 17    God:    Hepliaklqana [******]
Gold:   1645       SH: 22    Dex: 42    Spells: 27/44 levels left

rFire   + . .        P - +9 demon blade (freeze)
rCold   + . .        e - +4 kite shield of Plog {Rampage rF+ rCorr Int+3}
rNeg    + . .        G - +2 hat
rPois   .            k - amulet of regeneration
rElec   +            M - ring of Huixemufir {rElec rN+ rCorr Str+3 Dex+4}
rCorr   +            i - ring of willpower
SInv    .            Y - +6 ring of dexterity
Will    +++..        J - +6 ring of dexterity
Stlth   +++          S - +5 ring of evasion
HPRegen 1.31/turn    V - ring of Gonunaju {MP+9 Str+3 Dex+3 Slay+2 Stlth-}
MPRegen 0.29/turn    h - +4 ring of protection
                     a - ring of protection from cold

%: rampage
@: studying Unarmed Combat
A: reduced essence, almost no armour, amphibious, 8 rings, camouflage 1,
gelatinous body 1, (nimble swimmer 1), tentacles, antennae 1, strong 1,
inability to read after injury 2
0: Orb of Zot
}: 3/15 runes: decaying, slimy, gossamer
a: Renounce Religion, Recall Ancestor, Ancestor Identity, Transference, Idealise


You escaped.
You worshipped Hepliaklqana.
Hepliaklqana was exalted by your worship.
You visited 10 branches of the dungeon, and saw 51 of its levels.
You also visited: Gauntlet, Ice Cave and Desolation.

You collected 5933 gold pieces.
You spent 4288 gold pieces at shops.

Inventory:

Hand Weapons
 C - the +7 Throatcutter {drain, coup de grace}
   (You found it on level 4 of the Dungeon)
 P - a +9 demon blade of freezing (weapon)
Missiles
 s - 3 throwing nets (quivered) {!f}
 Q - 15 curare-tipped darts
Armour
 e - the +4 kite shield of Plog (worn) {Rampage rF+ rCorr Int+3}
   (You took it off Donald on level 1 of the Vaults)

   Int+3:     It affects your intelligence (+3).
   rF+:       It protects you from fire.
   rCorr:     It protects you from acid and corrosion.
   Rampage:   It bestows one free step when moving towards enemies.
 G - a +2 hat (worn)
Jewellery
 a - a ring of protection from cold (on tentacle)
 h - a +4 ring of protection (on tentacle)
 i - a ring of willpower (right tentacle)
 k - an amulet of regeneration (around mantle)
 l - a +4 ring of slaying
 m - the ring of Nyahek {rF+ rN+ Int+2}
   (You took it off a deep elf death mage on level 3 of the Elven Halls)

   [ring of positive energy]

   Int+2:     It affects your intelligence (+2).
   rF+:       It protects you from fire.
   rN+:       It protects you from negative energy.
 q - a ring of poison resistance
 r - an amulet of reflection
 H - a ring of wizardry
 J - a +6 ring of dexterity (on tentacle)
 K - a ring of willpower
 M - the ring of Huixemufir (left tentacle) {rElec rN+ rCorr Str+3 Dex+4}
   (You found it in the Desolation of Salt)

   [ring of resist corrosion]

   Str+3:     It affects your strength (+3).
   Dex+4:     It affects your dexterity (+4).
   rElec:     It insulates you from electricity.
   rN+:       It protects you from negative energy.
   rCorr:     It protects you from acid and corrosion.
 O - a ring of protection from fire
 S - a +5 ring of evasion (on tentacle)
 V - the ring of Gonunaju (on tentacle) {MP+9 Str+3 Dex+3 Slay+2 Stlth-}
   (You found it in a Gauntlet)

   [ring of magical power]

   Str+3:     It affects your strength (+3).
   Dex+3:     It affects your dexterity (+3).
   Slay+2:    It affects your accuracy & damage with ranged weapons and melee
   (+2).
   MP+9:      It affects your magic capacity (+9).
   Stlth-:    It makes you less stealthy.
 Y - a +6 ring of dexterity (on tentacle)
Wands
 b - a wand of polymorph (46)
 n - a wand of acid (9) {@v1}
 D - a wand of mindburst (64)
 E - a wand of roots (72)
 W - a wand of charming (50)
 Z - a wand of digging (11) {@v3}
Scrolls
 c - 8 scrolls of fog
 d - 5 scrolls of teleportation {@r3}
 f - 8 scrolls of immolation
 u - 2 scrolls of blinking {@r4}
 y - 5 scrolls of fear
 F - a scroll of silence
 R - a scroll of acquirement
 X - 3 scrolls of summoning
Potions
 g - a potion of cancellation
 o - 15 potions of curing {@q1}
 t - 11 potions of lignification
 v - 2 potions of haste {@q4}
 x - 6 potions of ambrosia
 z - 10 potions of heal wounds {@q2}
 A - 7 potions of resistance {@q5}
 I - 6 potions of magic
 L - 4 potions of invisibility
 N - 2 potions of mutation
Miscellaneous
 p - a phial of floods
 w - a sack of spiders
 B - a lightning rod (4/4)


   Skills:
 - Level 22.0 Fighting
 + Level 20.1 Long Blades
 + Level 20.7 Dodging
 - Level 12.4 Stealth
 - Level 11.5 Shields
 - Level 9.3 Spellcasting
 - Level 12.6 Summonings
 - Level 12.5 Translocations
 - Level 4.9 Earth Magic
 - Level 5.3 Alchemy
 - Level 12.1 Invocations
 + Level 22.7 Evocations


You had 27 spell levels left.
You knew the following spells:

 Your Spells              Type           Power      Damage    Failure   Level
a - Apportation           Tloc           100%       N/A       1%          1
b - Call Canine Familiar  Summ           50%        N/A       1%          3
c - Blink                 Tloc           100%       N/A       1%          2
d - Passwall              Alch/Erth      20%        N/A       3%          2
e - Passage of Golubria   Tloc           50%        N/A       1%          4
f - Summon Forest         Summ/Tloc      25%        N/A       2%          5

Your spell library contained the following spells:

 Spells                   Type           Power      Damage    Failure   Level
 Sandblast                Erth           48%        2d12      1%          1
 Summon Small Mammal      Summ           100%       N/A       1%          1
 Lesser Beckoning         Tloc           100%       N/A       1%          2
 Momentum Strike          Conj/Tloc      58%        3d9       1%          2
 Manifold Assault         Tloc           50%        N/A       1%          4
 Sting                    Conj/Alch      68%        1d7       5%          1
 Mercury Vapours          Alch/Air       34%        N/A       8%          2
 Cigotuvi's Dreadful Rot  Necr/Alch/Air  26%        N/A       12%         2
 Dimensional Bullseye     Hex/Tloc       14%        N/A       12%         4
 Iskenderun's Mystic Bla  Conj/Tloc      29%        2d7       12%         4
 Summon Ice Beast         Ice/Summ       29%        N/A       12%         4
 Summon Lightning Spire   Summ/Air       29%        N/A       12%         4
 Vhi's Electric Charge    Tloc/Air       58%        N/A       12%         4
 Dispersal                Tloc           25%        N/A       14%         6
 Freeze                   Ice            28%        1d5       16%         1
 Kiss of Death            Conj/Necr      28%        2d7       16%         1
 Necrotise                Necr           28%        1d5       16%         1
 Shock                    Conj/Air       28%        1d4       16%         1
 Slow                     Hex            28%        N/A       16%         1
 Stone Arrow              Conj/Erth      32%        3d9       17%         3
 Olgreb's Toxic Radiance  Alch           26%        N/A       17%         4
 Leda's Liquefaction      Alch/Erth      12%        N/A       19%         4
 Petrify                  Alch/Erth      25%        N/A       19%         4
 Ensorcelled Hibernation  Hex/Ice        14%        N/A       24%         2
 Jinxbite                 Hex            14%        N/A       24%         2
 Static Discharge         Conj/Air       14%        3-4/arc   24%         2
 Sublimation of Blood     Necr           7%         N/A       24%         2
 Confusing Touch          Hex            7%         N/A       43%         3
 Dazzling Flash           Conj/Hex       14%        N/A       43%         3
 Frozen Ramparts          Ice            14%        1d3       43%         3
 Fugue of the Fallen      Necr           7%         N/A       43%         3
 Hailstorm                Conj/Ice       7%         3d5       43%         3
 Inner Flame              Hex/Fire       7%         N/A       43%         3
 Sigil of Binding         Hex            7%         N/A       43%         3
 Swiftness                Air            7%         N/A       43%         3
 Tukima's Dance           Hex            7%         N/A       43%         3
 Vampiric Draining        Necr           7%         2d6       43%         3
 Ignite Poison            Fire/Alch      17%        N/A       45%         4
 Sticky Flame             Fire/Alch      17%        2d5       45%         4
 Lee's Rapid Deconstruct  Erth           12%        3d8*      50%         5
 Summon Hydra             Summ           25%        N/A       58%         7
 Malign Gateway           Summ/Tloc      25%        N/A       61%         7
 Irradiate                Conj/Alch      8%         3d14      82%         5
 Yara's Violent Unravell  Hex/Alch       8%         3d5       82%         5
 Airstrike                Air            3%         2d(1-17)  85%         4
 Anguish                  Hex/Necr       3%         N/A       85%         4
 Cause Fear               Hex            3%         N/A       85%         4
 Dispel Undead            Necr           7%         3d8       85%         4
 Flame Wave               Conj/Fire      7%         2d5       85%         4
 Eringya's Noxious Bog    Alch           13%        4d6       95%         6
 Agony                    Necr           7%         N/A       99%         5
 Freezing Cloud           Conj/Ice/Air   3%         6-21      99%         5
 Iskenderun's Battlesphe  Conj           7%         2d6       99%         5
 Metabolic Englaciation   Hex/Ice        3%         N/A       99%         5
 Disjunction              Tloc           25%        N/A       99%         8
 Summon Horrible Things   Summ           25%        N/A       99%         8
 Bombard                  Conj/Erth      8%         9d2       100%        6
 Death Channel            Necr           3%         N/A       100%        6
 Plasma Beam              Fire/Air       3%         2x1d13    100%        6
 Simulacrum               Ice/Necr       3%         N/A       100%        6
 Starburst                Conj/Fire      3%         6d3       100%        6
 Enfeeble                 Hex            3%         N/A       100%        7
 Ozocubu's Refrigeration  Ice            3%         4d8       100%        7
 Spellforged Servitor     Conj/Summ      14%        N/A       100%        7
 Ignition                 Fire           3%         3d4       100%        8
 Lehudib's Crystal Spear  Conj/Erth      8%         10d3      100%        8
 Fire Storm               Conj/Fire      3%         8d1       100%        9
 Polar Vortex             Ice            3%         N/A       100%        9


Dungeon Overview and Level Annotations

Branches:
Dungeon (15/15)            Temple (0/1) D:5            Lair (5/5) D:9
  Swamp (4/4) Lair:3       Spider (4/4) Lair:3        Slime (5/5) Lair:5
    Orc (2/2) D:9             Elf (3/3) Orc:2        Vaults (4/5) D:13
  Crypt (0/3) Vaults:2     Depths (4/4) D:15            Zot (5/5) Depths:4
  IceCv (visited)         Desolation (visited)      Gauntlet (visited)

Altars:
Dithmenos
Elyvilon
Fedhas
Hepliaklqana
Kikubaaqudgha
Makhleb
Okawaru
Qazlal
Trog
Wu Jian
Zin
The Shining One
Jiyva

Shops:
D:4 (   D:6 ![(*?   D:9 :!   D:14 (!=   Orc:2 [*(:   Vaults:1 =   Depths:1 (

Portals:
Hell: Depths:1 Depths:2 Depths:3 Depths:4
Abyss: Depths:3
Pandemonium: Depths:2 Depths:4
Trove: D:13 (give 2 scrolls of acquirement)

Annotations:
Depths:4 exclusions: dread lich and 1 more exclusion
Zot:5 3 runed translucent doors, exclusion: obsidian statue, kal9871's ghost, legendary OnFi


Innate Abilities, Weirdness & Mutations

Your life essence is reduced to manifest your ancestor. (-10% HP)
You cannot wear most types of armour.
You are amphibious.
You can wear up to eight rings at the same time.
Your skin changes colour to match your surroundings (Stealth+).
Your rubbery body absorbs attacks. (AC +1, EV +1)
((You are camouflaged when in or above water. (Stealth+)))
You have tentacles for arms and can constrict up to eight enemies at once.
You have a pair of small antennae on your head.
Your muscles are strong. (Str +4, Int/Dex -1)
You sometimes lose the ability to read scrolls when taking damage.


Message History

You resist with almost no effort.
Khalidah points at the golden eye and mumbles some strange words.
The crystal spear hits the golden eye!!!
The golden eye dies!
You rampage towards the golden eye!
The golden eye blinks at you. You resist with almost no effort.
You slice the golden eye!! You freeze the golden eye.
You kill the golden eye!
Khalidah gestures at the golden eye while chanting.
The bolt of magma hits the golden eye!!
The golden eye dies!
What level of the Dungeon? (default 1, ? - help)
There is an open door here.
Khalidah is no longer moving quickly.
You see here 9 stones.
There is a stone staircase leading up here.
You climb upwards.
There is a stone staircase leading down here.
An Orb Guardian comes into view.
Khalidah gestures at the Orb Guardian while chanting.
The crystal spear hits the Orb Guardian!!
The Orb Guardian hits Khalidah!!
Khalidah misses the Orb Guardian.
Something barely misses Khalidah.
Khalidah hits the Orb Guardian with a +0 lajatang of freezing!!
Khalidah freezes the Orb Guardian.
The Orb Guardian hits Khalidah!!
Khalidah points at the Orb Guardian and mumbles some strange words.
The crystal spear hits the Orb Guardian!!
The Orb Guardian dies!
There is an escape hatch in the ceiling here.
A mysterious force pulls you upwards. The hatch slams shut behind you.
What level of the Dungeon? (default 1, ? - help)
A red devil comes into view. It is wielding a +3 demon trident.
There is an open door here.
There is an escape hatch in the ceiling here.
A mysterious force pulls you upwards. The hatch slams shut behind you.
You enter the shallow water.
There is a staircase leading out of the dungeon here.
You have escaped!

..#..# #.#.##....#.#
###§####.#.....#.#.#
§≈≈§§§##.#..##.#.#.# #######
§§§..≈≈#.#..##.#.#.########......
.†#8.§§#......................###
.8###.≈#.##.#.#.#.#.#.#....)..# #
.###8.≈#.#.#.#.#.#.#.#.####...###
..8#..≈#[##.#.≈≈≈≈≈.#.## ##.....
§....§≈#.#.#.#≈.@.≈#.#.# #.##.#
§≈≈§≈≈##..#.#.≈...≈.#.######.#...
##########.#.#≈.X.≈#.#.##........
#.####.####.#.~~~~~.#.###.##.#...
#.#...#....#[#.#.#.#.#.##.##.##.#
....##.####.#.#.#.#.#.#......####
#.#.##.######.###...###.#.##.....
#.#.##............### #.#.#######
....############### #.#.#


You could see an Orb Guardian.

Vanquished Creatures
  the Royal Jelly (Slime:5)
  A dread lich (Zot:5)
  8 orbs of fire
  Boris (Vaults:4)
  2 Killer Klowns (Zot:5)
  3 golden dragons
  Nikola (Swamp:1)
  2 bone dragons
  2 electric golems
  5 tentacled monstrosities
  12 Orb Guardians
  Zenata (Vaults:4)
  3 deep elf blademasters (Elf:3)
  A quicksilver dragon (Zot:2)
  2 liches
  A walking frostbound tome (Depths:2)
  9 acid blobs
  2 deep elf master archers (Elf:3)
  2 sphinxes
  Gastronok (D:8)
  A thorn hunter (Swamp:4)
  A tengu reaver (Depths:1)
  2 death cobs
  A shadow dragon (Zot:4)
  5 storm dragons
  The ghost of tish the Severer, an adept HOFi of Hepliaklqana (Spider:1)
  4 rockslimes
  3 azure jellies
  Donald (Vaults:1)
  Aizul (Elf:1)
  A protean progenitor (Zot:4)
  2 draconian monks
  A frost giant (Depths:3)
  3 fire giants
  An emperor scorpion (Spider:2)
  An imperial myrmidon (Desolation)
  An iron dragon (Depths:3)
  2 fenstrider witches
  8 vault wardens
  5 deep elf sorcerers (Elf:3)
  2 draconian scorchers
  2 orc warlords
  4 ghost moths
  5 quicksilver oozes
  4 deep elf elementalists
  A juggernaut skeleton (Depths:3)
  15 ironbound preservers
  A spriggan defender (Depths:4)
  A war gargoyle (Vaults:4)
  A draconian annihilator (Zot:1)
  9 stone giants
  A caustic shrike skeleton (Depths:1)
  6 formless jellyfish
  3 deep elf demonologists (Elf:3)
  7 very ugly things
  9 ironbound thunderhulks
  7 deep elf death magi (Elf:3)
  2 eleionomae
  7 spark wasps
  4 black draconians
  2 halazid warlocks (Desolation)
  3 dire elephants
  5 deep elf annihilators
  2 white draconians
  2 yellow draconians
  A minotaur (Gauntlet)
  7 bunyips
  2 purple draconians (Zot:1)
  A red draconian (Zot:1)
  A crystal guardian (Vaults:3)
  4 entropy weavers
  2 green deaths
  3 ettins
  2 shambling mangroves
  Josephine (D:10)
  2 ragged hierophants (Desolation)
  A blizzard demon (Zot:2)
  5 rakshasas
  5 fire dragons
  10 yaktaur captains
  3 ice dragons
  3 vault guards
  4 deep elf high priests (Elf:3)
  3 great orbs of eyes
  2 servants of whispers (Desolation)
  A caustic shrike simulacrum (Depths:3)
  6 alligators
  A ghost crab (Swamp:4)
  6 peacekeepers (Desolation)
  3 spriggan air magi (Depths:2)
  14 hydras
  A radroach (Spider:2)
  4 jorogumos
  2 sphinx zombies
  Erica (D:8)
  18 centaur warriors
  5 boulder beetles
  8 deep troll shamans
  10 ironbound frosthearts
  18 dancing weapons
  8 two-headed ogres
  3 tengu warriors
  5 deep troll earth magi
  A vampire mage (D:14)
  3 death yaks (Lair:5)
  6 demonic crawlers
  2 orc high priests
  2 occultists (Depths:3)
  4 spriggan berserkers
  Urug (Lair:2)
  13 deep elf knights
  3 storm dragon zombies
  2 sun demons (Depths:2)
  A soul eater (Depths:2)
  10 skeletal warriors
  A golden dragon zombie (Depths:3)
  3 sixfirhies (Gauntlet)
  A skyshark (shapeshifter) (Vaults:3)
  7 iron trolls
  4 pharaoh ants
  2 sun moths
  A goliath frog (Swamp:2)
  A glowing orange brain (Vaults:3)
  2 spriggan druids
  51 deep trolls
  8 orb spiders
  6 bog bodies
  7 swamp dragons
  3 arcanists
  12 deep elf archers
  A golden dragon skeleton (Depths:1)
  A tengu zombie (Depths:3)
  3 harpies (Vaults:1)
  16 ironbound convokers
  8 orc knights
  2 necromancers
  9 lindwurms
  23 wolf spiders
  An obsidian statue (Depths:2)
  A harpy (shapeshifter) (Vaults:3)
  16 deep elf zephyrmancers
  2 will-o-the-wisps
  8 steelbarb worms
  A frost giant zombie (Depths:3)
  A sphinx simulacrum (Depths:1)
  19 ugly things
  An oklob plant (Lair:1)
  31 deep elf pyromancers
  7 orc sorcerers
  2 large abominations (Depths:3)
  6 manticores
  5 elephants
  8 cyclopes
  12 moths of wrath
  A black mamba (shapeshifter) (D:14)
  4 kobold blastminers
  A guardian serpent (Desolation)
  3 molten gargoyles
  2 gargoyles
  13 vault sentinels
  A rust devil (D:5)
  5 torpor snails
  5 black mambas
  9 cane toads
  A storm dragon simulacrum (Depths:3)
  3 rime drakes
  9 komodo dragons
  11 yaktaurs
  2 anaconda simulacra (IceCv)
  4 unseen horrors (Elf:2)
  An efreet (D:15)
  2 tormentors
  3 tengu conjurers
  A freezing wraith (D:14)
  An ice devil (IceCv)
  A bloated husk (Swamp:2)
  6 trolls
  7 meliai
  A raiju (shapeshifter) (Depths:1)
  Prince Ribbit (Lair:1)
  15 tarantellas
  2 polar bears
  4 tyrant leeches
  18 blink frogs
  13 hornets
  3 dream sheep (Lair:5)
  20 saltlings
  14 culicivoras
  4 wraiths
  4 air elementals
  17 jumping spiders
  37 slime creatures
  2 shadows
  9 spriggans
  4 wyverns
  A vampire (D:12)
  A ynoxinul (Depths:2)
  5 water elementals
  33 yaks
  6 basilisks
  7 humans (D:13)
  2 golden eyes (D:4)
  27 redbacks
  A steam dragon (D:5)
  5 chaos spawn
  A neqoxec (Depths:2)
  Grum (Lair:1)
  3 fire elementals
  A warg (Orc:1)
  8 vampire mosquitoes
  10 swamp worms
  3 death yak simulacra (IceCv)
  A glowing shapeshifter zombie (Depths:1)
  4 acid dragons
  3 harpy simulacra (IceCv)
  14 water moccasins
  3 hell hounds (Lair:5)
  7 swamp drakes
  3 black bears
  3 ice beasts (D:9)
  16 orc warriors
  A glowing shapeshifter skeleton (Depths:3)
  6 ogres
  A boggart (D:15)
  4 wolves
  6 centaurs
  A phantom (D:6)
  A kobold brigand (D:9)
  11 bullfrogs
  A gnoll sergeant (D:7)
  An earth elemental (Elf:1)
  2 scorpions
  2 small abominations (Depths:3)
  5 two-headed ogre simulacra (IceCv)
  A cane toad simulacrum (Lair:3)
  10 wights
  An elephant simulacrum (IceCv)
  6 killer bees
  2 troll zombies (Swamp:1)
  An electric eel (Lair:2)
  A troll skeleton (Swamp:1)
  4 howler monkeys
  4 lava snakes (Lair:5)
  10 jellies
  3 hounds
  10 orc priests
  3 sleepcaps
  5 hell rats (Lair:3)
  3 iguanas
  13 orc wizards
  3 polar bear simulacra
  5 spriggan simulacra (IceCv)
  2 troll simulacra (IceCv)
  A wolf simulacrum (Lair:3)
  7 adders
  6 gnolls
  8 naga simulacra (IceCv)
  A white imp (IceCv)
  5 ufetubi
  A worm (D:4)
  3 dart slugs
  36 orcs
  2 ball pythons
  9 endoplasms
  6 giant cockroaches
  11 goblins
  6 hobgoblins
  3 quokkas
  13 bats
  7 frilled lizards
  4 kobolds
  6 rats
  An aspiring flesh (Zot:4)
1425 creatures vanquished.

Vanquished Creatures (collateral kills)
  Xtahua (Vaults:2)
  A Killer Klown (Zot:5)
  A caustic shrike (Depths:2)
  3 golden dragons
  An electric golem (Zot:5)
  2 tentacled monstrosities
  14 Orb Guardians
  A Hell Sentinel (Zot:5)
  5 sphinxes
  A deep elf blademaster (Elf:3)
  A lich (Depths:3)
  12 acid blobs
  3 shadow dragons
  2 death cobs
  Frances (Swamp:1)
  A storm dragon (Zot:5)
  A protean progenitor (Zot:4)
  4 draconian monks
  4 azure jellies (Slime:5)
  A fire giant (Depths:2)
  3 frost giants
  6 rockslimes (Slime:5)
  A draconian knight (Zot:1)
  An imperial myrmidon (Desolation)
  6 emperor scorpions
  2 vault wardens (Vaults:4)
  A deep elf sorcerer (Elf:3)
  A cacodemon (Depths:2)
  3 ghost moths
  2 deep elf elementalists (Elf:3)
  A balrug (Depths:2)
  3 reapers (Depths:2)
  2 broodmothers (Spider:4)
  3 orc warlords
  3 very ugly things
  11 ironbound preservers
  An ironbound thunderhulk (Vaults:3)
  A war gargoyle (Vaults:3)
  3 green draconians
  A formless jellyfish (Vaults:3)
  2 stone giants
  6 quicksilver oozes
  A vampire knight (Depths:4)
  5 black draconians
  A deep elf demonologist (Elf:3)
  5 deep elf death magi (Elf:3)
  2 dire elephants
  3 deep elf annihilators (Elf:3)
  3 white draconians
  A bunyip (Swamp:1)
  A halazid warlock (Desolation)
  7 spark wasps
  4 red draconians
  2 yellow draconians
  3 fire dragons (Depths:2)
  A green death (Depths:2)
  A blizzard demon (Depths:2)
  2 ettins
  A ragged hierophant (Desolation)
  A deep elf high priest (Elf:3)
  The ghost of Ygonei the Severer, a journeyman HOMo of the Shining One (Lair:1)
  4 entropy weavers
  4 ice dragons
  3 yaktaur captains
  A hell beast (D:8)
  A great orb of eyes (Vaults:2)
  2 rakshasas
  2 ghost crabs
  2 servants of whispers (Desolation)
  4 boulder beetles
  7 hydras
  2 jorogumos
  2 ironbound frosthearts
  2 spriggan air magi
  4 vault guards
  2 alligators
  2 ogre magi
  2 peacekeepers
  A radroach (Spider:4)
  2 centaur warriors
  A juggernaut simulacrum (Depths:3)
  2 death yaks (Lair:5)
  5 deep troll shamans
  2 two-headed ogres
  10 dancing weapons
  2 tengu warriors (D:13)
  2 occultists
  3 demonic crawlers
  2 spriggan berserkers
  A soul eater (Depths:4)
  A sun demon (Depths:2)
  A hell knight (Depths:2)
  2 deep troll earth magi
  8 deep elf knights
  3 spriggans
  2 iron trolls
  A pharaoh ant (Spider:3)
  2 skeletal warriors
  32 deep trolls
  A shadow demon (D:8)
  2 sun moths
  A spark wasp zombie (Depths:3)
  5 swamp dragons
  4 sixfirhies
  A bog body (Swamp:4)
  6 orb spiders
  A golden dragon zombie (Depths:3)
  An arcanist (Vaults:1)
  3 spriggan druids
  A glowing orange brain (shapeshifter) (Depths:1)
  6 orc knights
  A large abomination (Depths:3)
  4 deep elf archers
  8 lindwurms
  2 ironbound convokers (Vaults:1)
  3 steelbarb worms
  2 harpies (Vaults:1)
  9 deep elf pyromancers
  A harpy (shapeshifter) (D:15)
  3 deep elf zephyrmancers
  An orc sorcerer (Elf:1)
  3 shining eyes
  3 necromancers (Depths:3)
  8 ugly things
  8 wolf spiders
  4 will-o-the-wisps
  A cyclops (D:15)
  2 elephants (Lair:4)
  6 moths of wrath
  An ice statue (IceCv)
  A kobold blastminer (Orc:1)
  3 vault sentinels
  2 fire giant skeletons (Depths:3)
  A guardian serpent (Desolation)
  A smoke demon (Depths:4)
  2 torpor snails
  Maggie (D:8)
  A black mamba (Lair:5)
  2 rime drakes (Lair:3)
  6 unseen horrors
  A cane toad (shapeshifter) (D:14)
  6 cane toads
  An efreet (D:15)
  5 komodo dragons
  13 yaktaurs
  A golden dragon simulacrum (Depths:3)
  An ice devil (Depths:2)
  5 meliai
  A red devil (Depths:2)
  A bloated husk (Swamp:1)
  2 trolls
  A hellwing (Depths:2)
  18 saltlings (Desolation)
  8 hornets
  2 tyrant leeches
  7 blink frogs
  12 tarantellas
  2 dream sheep (Lair:5)
  12 slime creatures
  10 culicivoras
  17 jumping spiders
  A wraith (D:10)
  14 yaks
  2 ynoxinuls (Depths:2)
  3 fire elementals
  2 water elementals
  4 wyverns
  A vampire mosquito (D:13)
  5 golden eyes
  A human (D:13)
  3 neqoxecs
  A steam dragon (Lair:5)
  5 basilisks
  A death yak simulacrum (IceCv)
  A warg (Elf:1)
  26 redbacks
  4 chaos spawn
  4 water moccasins
  Menkaure (D:6)
  8 swamp worms
  A hell hound (Lair:5)
  A sky beast (D:5)
  6 swamp drakes
  An ice beast (D:9)
  6 orc warriors
  A black bear (D:7)
  3 boggarts (D:15)
  A tengu (Lair:1)
  11 wolves
  A centaur (D:15)
  An earth elemental (Elf:1)
  3 bullfrogs
  A gnoll sergeant (D:9)
  2 small abominations (Depths:3)
  2 two-headed ogre simulacra (IceCv)
  A scorpion (D:4)
  8 wights
  3 killer bees
  2 electric eels
  2 howler monkeys
  A lava snake (Lair:5)
  3 jellies (Lair:5)
  An orc priest (D:5)
  An iguana (D:7)
  7 orc wizards
  2 polar bear simulacra (IceCv)
  A spriggan simulacrum (IceCv)
  2 hell rats (Lair:3)
  A troll simulacrum (IceCv)
  A wolf simulacrum (Lair:3)
  4 gnolls
  2 naga simulacra (IceCv)
  A white imp (IceCv)
  2 ufetubi
  23 orcs
  A goblin (D:4)
  A hobgoblin (D:4)
  4 kobolds (D:9)
  2 butterflies
751 creatures vanquished.

Vanquished Creatures (others)
  A fire dragon (Depths:2)
  A hydra (Swamp:4)
  An ugly thing (D:13)
  2 bloated husks (Swamp:1)
  A human (D:13)
  A swamp drake (Swamp:4)
  49 battlemagi
  An ufetubus (IceCv)
  19 foxfires
  2 snaplasher vines
78 creatures vanquished.

Grand Total: 2254 creatures vanquished

Notes
Turn   | Place    | Note
-------+----------+-------------------------------------------
     0 | D:1      | iamserjio the Octopode Wanderer began the quest for the
                  | Orb.
     0 | D:1      | iamserjio set off with the following items: a +0 falchion,
                  | a wand of polymorph (20), a scroll of fog, a scroll of
                  | teleportation {@r3}.
     0 | D:1      | Reached XP level 1. HP: 11/11 MP: 2/2
    42 | D:1      | Reached skill level 1 in Fighting
   179 | D:1      | Reached XP level 2. HP: 15/18 MP: 3/3
   494 | D:1      | Reached skill level 1 in Dodging
   566 | D:1      | Reached XP level 3. HP: 24/24 MP: 4/4
  1148 | D:2      | Found a hazy altar of Hepliaklqana.
  1198 | D:2      | Became a worshipper of Hepliaklqana the Forgotten
  1263 | D:2      | Reached skill level 1 in Shields
  1540 | D:2      | Reached XP level 4. HP: 27/30 MP: 5/5
  1811 | D:3      | Found a white marble altar of Elyvilon.
  1836 | D:3      | Found an iron altar of Okawaru.
  1836 | D:3      | Found an ancient bone altar of Kikubaaqudgha.
  2160 | D:3      | Reached XP level 5. HP: 27/36 MP: 6/6
  2256 | D:3      | Noticed Sigmund
  2312 | D:3      | Identified the +3 dagger "Epenkowe" {drain, rC+}
  2337 | D:3      | Reached * piety under Hepliaklqana
  2487 | D:3      | Sigmund changed into Sigmund the bat
  2487 | D:3      | Noticed Sigmund
  2489 | D:3      | Killed Sigmund the bat
  2545 | D:4      | Found the +7 Throatcutter {drain, coup de grace}
  2814 | D:4      | Found Task's Weapon Emporium.
  2815 | D:4      | Reached ** piety under Hepliaklqana
  2816 | D:4      | Remembered your ancestor Khalidah as a battlemage
  2895 | D:4      | Learned a level 1 spell: Apportation
  2924 | D:4      | Reached XP level 6. HP: 27/38 MP: 7/7
  3273 | D:5      | Entered Level 5 of the Dungeon
  3412 | D:5      | Found a stormy altar of Qazlal.
  3412 | D:5      | Noticed a sky beast
  3420 | D:5      | Killed a sky beast
  3479 | D:5      | Reached XP level 7. HP: 39/44 MP: 8/8
  3531 | D:5      | Reached skill level 5 in Fighting
  3576 | D:5      | Noticed a steam dragon
  3580 | D:5      | Killed a steam dragon
  3740 | D:5      | Found a staircase to the Ecumenical Temple.
  3791 | D:5      | Reached XP level 8. HP: 51/51 MP: 9/9
  4305 | D:6      | Found Cukeiles's Antique Weapon Boutique.
  4331 | D:6      | Found Daries's Antique Armour Emporium.
  4535 | D:6      | Reached *** piety under Hepliaklqana
  4545 | D:6      | Found Omeps's General Store.
  4553 | D:6      | Bought a potion of lignification for 39 gold pieces
  4553 | D:6      | Bought a scroll of teleportation for 39 gold pieces
  4771 | D:6      | Noticed Menkaure
  4773 | D:6      | Killed Menkaure
  4892 | D:6      | Found Xoligedesk's Distillery.
  4902 | D:6      | Bought a potion of heal wounds for 75 gold pieces
  4902 | D:6      | Bought a potion of heal wounds for 75 gold pieces
  4902 | D:6      | Bought a potion of curing for 45 gold pieces
  5084 | D:6      | Found Joited's Magic Scroll Shoppe.
  5175 | D:7      | Reached XP level 9. HP: 54/57 MP: 10/10
  5216 | D:7      | Noticed Joseph
  5217 | D:7      | Joseph changed into Joseph the blink frog
  5217 | D:7      | Noticed Joseph
  5220 | D:7      | Killed Joseph the blink frog
  5415 | D:7      | Reached skill level 10 in Long Blades
  6050 | D:8      | Reached **** piety under Hepliaklqana
  6082 | D:9      | Reached XP level 10. HP: 27/65 MP: 9/11
  6207 | D:8      | Noticed Maggie
  6215 | D:8      | Killed Maggie
  6325 | D:8      | Noticed Gastronok
  6334 | D:8      | Killed Gastronok
  6425 | D:8      | Noticed Erica
  6483 | D:8      | Killed Erica
  6493 | D:8      | Learned a level 3 spell: Call Canine Familiar
  6810 | D:8      | Reached skill level 10 in Fighting
  6879 | D:8      | Noticed Maurice
  6882 | D:8      | Maurice changed into Maurice the sky beast
  6882 | D:8      | Noticed Maurice
  6883 | D:8      | Noticed Maurice
  6887 | D:8      | Killed Maurice the wyvern
  6921 | D:9      | Reached skill level 1 in Invocations
  6939 | D:9      | Reached XP level 11. HP: 60/72 MP: 12/12
  6959 | D:9      | Found a staircase to the Lair.
  6975 | D:9      | Found Judghaov's Vocational Training.
  7383 | D:9      | Found a staircase to the Orcish Mines.
  7675 | D:9      | Found a burning altar of Makhleb.
  7712 | D:9      | Found an ornate altar of the Wu Jian Council.
  8112 | D:9      | Found Vuthretz's Distillery.
  8115 | D:9      | Bought a potion of might for 60 gold pieces
  8115 | D:9      | Bought a potion of curing for 45 gold pieces
  8115 | D:9      | Bought a potion of heal wounds for 75 gold pieces
  8115 | D:9      | Bought a potion of heal wounds for 75 gold pieces
  8431 | D:10     | Entered Level 10 of the Dungeon
  8657 | D:10     | Noticed a six-headed hydra
  8663 | D:10     | Killed a six-headed hydra
  8720 | D:10     | Noticed a manticore
  8722 | D:10     | Killed a manticore
  8875 | D:10     | Noticed Josephine
  8891 | D:10     | Killed Josephine
  9095 | D:11     | Noticed a cyclops
  9099 | D:11     | Killed a cyclops
  9100 | D:11     | Reached skill level 5 in Dodging
  9132 | D:11     | Reached XP level 12. HP: 81/81 MP: 15/15
  9225 | D:11     | Reached ***** piety under Hepliaklqana
  9362 | D:11     | Noticed a two-headed ogre
  9367 | D:11     | Killed a two-headed ogre
  9368 | D:11     | Reached skill level 5 in Shields
  9813 | D:11     | Noticed a two-headed ogre
  9817 | D:11     | Killed a two-headed ogre
  9924 | D:11     | Reached skill level 5 in Invocations
 10883 | D:12     | Noticed a boulder beetle
 11039 | D:12     | Killed a boulder beetle
 11532 | D:12     | Noticed a two-headed ogre
 11537 | D:12     | Killed a two-headed ogre
 11779 | D:12     | Reached XP level 13. HP: 89/89 MP: 16/16
 12029 | D:12     | Learned a level 2 spell: Blink
 12475 | D:13     | Found a portal to a secret trove of treasure.
 12576 | D:13     | Identified the +9 falchion "Qouraza" {freeze, rF+ Stlth+}
 12984 | D:13     | Noticed a vault guard
 13007 | D:13     | Killed a vault guard
 13027 | D:13     | Noticed a vault guard
 13039 | D:13     | Killed a vault guard
 13083 | D:13     | Noticed a vault guard
 13092 | D:13     | Killed a vault guard
 13210 | D:13     | Paralysed by an ogre mage for 3 turns
 13254 | D:13     | Found a gate to the Vaults.
 14442 | D:14     | Reached skill level 1 in Translocations
 14482 | D:14     | Reached XP level 14. HP: 61/97 MP: 9/17
 14678 | D:14     | Found a bloodstained altar of Trog.
 14838 | D:14     | Found Bogak's Distillery.
 14846 | D:14     | Bought a potion of heal wounds for 75 gold pieces
 14846 | D:14     | Bought a potion of invisibility for 120 gold pieces
 14846 | D:14     | Bought a potion of lignification for 45 gold pieces
 14867 | D:14     | Found Kuano's Jewellery Shop.
 14962 | D:14     | Found Imyvai's Weapon Boutique.
 15448 | D:14     | Reached skill level 15 in Fighting
 15797 | D:15     | Entered Level 15 of the Dungeon
 16062 | D:15     | Noticed Nessos
 16133 | D:15     | Nessos changed into Nessos the blink frog
 16133 | D:15     | Noticed Nessos
 16136 | D:15     | Killed Nessos the blink frog
 16217 | D:15     | Found a staircase to the Depths.
 16628 | D:15     | Reached skill level 5 in Translocations
 16643 | D:15     | Reached skill level 5 in Spellcasting
 17290 | D:15     | Found Sobbonaf's Assorted Antiques.
 17345 | D:15     | Found a shadowy altar of Dithmenos.
 17593 | Lair:1   | Entered Level 1 of the Lair of Beasts
 17593 | Lair:1   | Noticed Grum
 17597 | Lair:1   | Killed Grum
 17618 | Lair:1   | Reached XP level 15. HP: 82/105 MP: 23/23
 17730 | Lair:1   | Noticed Ygonei's ghost (journeyman HOMo)
 17733 | Lair:1   | Found a transporter.
 17742 | Lair:1   | Found a transporter.
 17869 | Lair:1   | Reached ****** piety under Hepliaklqana
 17877 | Lair:1   | Noticed Sonja
 17878 | Lair:1   | Sonja changed into Sonja the tengu
 17878 | Lair:1   | Noticed Sonja
 17879 | Lair:1   | Noticed Prince Ribbit
 17886 | Lair:1   | Killed Sonja the tengu
 17887 | Lair:1   | Killed Prince Ribbit
 18486 | Lair:2   | Noticed Urug
 18493 | Lair:2   | Killed Urug
 18843 | Lair:2   | Identified the +1 spear of Armageddon {flame, rElec Stlth+}
 19145 | Lair:3   | Found a frozen archway.
 19159 | IceCv    | Entered an ice cave
 20237 | Lair:3   | Reached skill level 10 in Dodging
 20429 | Lair:3   | Found the +4 skin of Zhor {*Englaciate rC+++ SInv}
 20438 | Lair:3   | Reached skill level 5 in Evocations
 20808 | Lair:3   | Found a hole to the Spider Nest.
 21065 | Lair:3   | You fall into a shaft and drop 2 floors!
 21065 | Lair:5   | Entered Level 5 of the Lair of Beasts
 21828 | Lair:5   | Found a viscous altar of Jiyva.
 21828 | Lair:5   | Found a staircase to the Slime Pits.
 21887 | Lair:5   | Reached XP level 16. HP: 113/113 MP: 26/26
 22203 | Lair:5   | Found a large runed translucent door.
 22204 | Lair:5   | Found a large runed translucent door.
 23955 | Lair:3   | Found a staircase to the Swamp.
 24167 | Lair:1   | Killed Ygonei's ghost
 24496 | D:6      | Bought a scroll of teleportation for 39 gold pieces
 24496 | D:6      | Bought a scroll of teleportation for 39 gold pieces
 24543 | D:6      | Bought a potion of might for 60 gold pieces
 24622 | D:9      | Bought a potion of resistance for 150 gold pieces
 24622 | D:9      | Bought a potion of mutation for 120 gold pieces
 24879 | Orc:1    | Entered Level 1 of the Orcish Mines
 25435 | Orc:2    | Entered Level 2 of the Orcish Mines
 25435 | Orc:2    | Found a gate leading to a gauntlet.
 25453 | Gauntlet | Entered a Gauntlet
 25453 | Gauntlet | Found a transporter.
 25453 | Gauntlet | Found a transporter.
 25453 | Gauntlet | Found a transporter.
 25473 | Gauntlet | Found a transporter.
 25475 | Gauntlet | Found a large runed translucent door.
 25476 | Gauntlet | Found a large runed translucent door.
 25477 | Gauntlet | Found a large runed translucent door.
 25477 | Gauntlet | Found a large runed translucent door.
 25477 | Gauntlet | Found a runed translucent door.
 25477 | Gauntlet | Found a runed translucent door.
 25478 | Gauntlet | Found a large runed translucent door.
 25479 | Gauntlet | Found a large runed translucent door.
 25480 | Gauntlet | Found a large runed translucent door.
 25480 | Gauntlet | Found a large runed translucent door.
 25481 | Gauntlet | Found a runed translucent gate.
 25481 | Gauntlet | Found a runed translucent gate.
 25481 | Gauntlet | Found a runed translucent gate.
 25483 | Gauntlet | Found a transporter.
 25487 | Gauntlet | Found a transporter.
 25497 | Gauntlet | Found a transporter.
 25518 | Gauntlet | Found a transporter.
 25523 | Gauntlet | Found a transporter.
 25530 | Gauntlet | Found a large runed translucent door.
 25530 | Gauntlet | Found a large runed translucent door.
 25531 | Gauntlet | Found a large runed translucent door.
 25532 | Gauntlet | Found a large runed translucent door.
 25533 | Gauntlet | Found a large runed translucent door.
 25533 | Gauntlet | Found a large runed translucent door.
 25534 | Gauntlet | Found a large runed translucent door.
 25535 | Gauntlet | Found a large runed translucent door.
 25542 | Gauntlet | Found a transporter.
 25542 | Gauntlet | Found a transporter.
 25585 | Gauntlet | Found a transporter.
 25588 | Gauntlet | Found the necklace of Bloodlust {Fury *Rage Will++ Int-3
                  | Slay+6}
 25947 | Gauntlet | Identified the ring of Gonunaju {MP+9 Str+3 Dex+3 Slay+2
                  | Stlth-}
 25951 | Gauntlet | Got the Catalogue of Rocky Frostbite
 26005 | Gauntlet | Identified the +4 mace of Ascent {elec, Fly Will- Str+3
                  | Dex+3}
 26075 | Orc:2    | Found Cipamyra's Book Boutique.
 26212 | Orc:2    | Found Divveaqoekk's Antique Weapon Shop.
 26218 | Orc:2    | Reached skill level 1 in Stealth
 26415 | Orc:2    | Found Iqyar's Antique Armour Boutique.
 26484 | Orc:2    | Found Fudekk's General Store.
 26518 | Orc:2    | Bought a scroll of summoning for 95 gold pieces
 26518 | Orc:2    | Bought a potion of heal wounds for 50 gold pieces
 26518 | Orc:2    | Bought a scroll of teleportation for 30 gold pieces
 26528 | Orc:2    | Found a staircase to the Elven Halls.
 26795 | Elf:1    | Entered Level 1 of the Elven Halls
 26867 | Elf:1    | Identified the serpent talisman of Apathy {rN+}
 26867 | Elf:1    | Noticed Aizul
 26878 | Elf:1    | Killed Aizul
 27381 | Elf:1    | Reached XP level 17. HP: 121/121 MP: 27/27
 28017 | Elf:1    | Reached skill level 5 in Stealth
 28549 | Elf:2    | Paralysed by an air elemental for 1 turns
 28845 | Elf:2    | Found a runed translucent gate.
 28846 | Elf:2    | Found a runed translucent gate.
 28846 | Elf:2    | Found a runed translucent gate.
 29013 | Elf:2    | Identified the +7 quarterstaff of Taerch {venom, rN+}
 29538 | Elf:3    | Entered Level 3 of the Elven Halls
 29734 | Elf:3    | Found a huge runed translucent gate.
 29734 | Elf:3    | Found a huge runed translucent gate.
 29735 | Elf:3    | Found a huge runed translucent gate.
 29735 | Elf:3    | Found a huge runed translucent gate.
 29736 | Elf:3    | Found a huge runed translucent gate.
 29736 | Elf:3    | Found a huge runed translucent gate.
 29736 | Elf:3    | Found a huge runed translucent gate.
 29736 | Elf:3    | Found a huge runed translucent gate.
 29736 | Elf:3    | Found a huge runed translucent gate.
 29736 | Elf:3    | Found a huge runed translucent gate.
 29736 | Elf:3    | Found a huge runed translucent gate.
 29736 | Elf:3    | Found a huge runed translucent gate.
 29737 | Elf:3    | Found a huge runed translucent gate.
 29737 | Elf:3    | Found a huge runed translucent gate.
 29737 | Elf:3    | Found a huge runed translucent gate.
 29737 | Elf:3    | Found a huge runed translucent gate.
 29737 | Elf:3    | Found a huge runed translucent gate.
 29737 | Elf:3    | Found a huge runed translucent gate.
 29739 | Elf:3    | Found a huge runed translucent gate.
 29739 | Elf:3    | Found a huge runed translucent gate.
 29741 | Elf:3    | Noticed a deep elf blademaster
 29758 | Elf:3    | Killed a deep elf blademaster
 30239 | Elf:3    | Reached XP level 18. HP: 129/129 MP: 28/28
 30263 | Elf:3    | Reached skill level 10 in Invocations
 30287 | Elf:3    | Noticed a deep elf blademaster
 30288 | Elf:3    | Noticed a deep elf master archer
 30309 | Elf:3    | Reached skill level 10 in Evocations
 30556 | Elf:3    | Reached XP level 19. HP: 135/135 MP: 29/29
 30603 | Elf:3    | Identified the +2 scimitar of Wyrd {freeze, *Rage Int+5
                  | Dex+4}
 30851 | Elf:3    | Identified the +4 demon trident of Indomitability {venom,
                  | rPois rC++ Str+3 Stlth+}
 30884 | Elf:3    | Noticed a Tzitzimitl
 31228 | Elf:3    | Reached skill level 10 in Stealth
 31777 | Elf:3    | Identified the ring of Nyahek {rF+ rN+ Int+2}
 31967 | Elf:3    | Got the Codex of the Blinking Torch
 31987 | Elf:3    | Got the Tome of the Necrotic Jinx
 32310 | Swamp:1  | Entered Level 1 of the Swamp
 32378 | Swamp:1  | Noticed Nikola
 32384 | Swamp:1  | HP: 3/136 [Nikola/arc of chain lightning (70)]
 32385 | Swamp:1  | Killed Nikola
 32387 | Swamp:1  | Noticed Frances
 32397 | Swamp:1  | Killed Frances
 34505 | Swamp:3  | Reached XP level 20. HP: 106/144 MP: 30/30
 34612 | Swamp:3  | Identified a scroll of acquirement
 35214 | Swamp:4  | Entered Level 4 of the Swamp
 36660 | Swamp:4  | Got a decaying rune of Zot
 37198 | Spider:1 | Entered Level 1 of the Spider Nest
 37300 | Spider:1 | Found a runed translucent door.
 37303 | Spider:1 | Noticed tish's ghost (adept HOFi)
 38357 | Spider:1 | Killed tish's ghost
 38897 | Spider:2 | Paralysed by a jorogumo for 2 turns
 39394 | Spider:2 | Reached XP level 21. HP: 139/144 MP: 31/31
 41377 | Spider:4 | Entered Level 4 of the Spider Nest
 41765 | Spider:4 | Reached skill level 15 in Dodging
 42309 | Spider:4 | Reached skill level 10 in Shields
 42747 | Spider:4 | Got a gossamer rune of Zot
 43118 | Spider:4 | Learned a level 2 spell: Passwall
 43123 | Spider:4 | Learned a level 4 spell: Passage of Golubria
 43129 | Spider:4 | Learned a level 5 spell: Summon Forest
 43413 | Vaults:1 | Entered Level 1 of the Vaults
 43587 | D:6      | Bought a scroll of enchant weapon for 97 gold pieces
 43682 | D:9      | Bought a manual of Evocations for 1120 gold pieces
 43822 | Vaults:1 | Reached skill level 1 in Summonings
 44118 | Vaults:2 | Reached skill level 1 in Alchemy
 44136 | Vaults:2 | Reached skill level 1 in Earth Magic
 44184 | Vaults:2 | Noticed a bone dragon
 44185 | Vaults:2 | Found a staircase to the Crypt.
 44197 | Vaults:2 | Killed a bone dragon
 44294 | Vaults:2 | Noticed Xtahua
 44544 | Vaults:2 | Killed Xtahua
 44545 | Vaults:2 | Reached XP level 22. HP: 131/158 MP: 32/32
 45104 | Vaults:2 | You fall into a shaft and drop 1 floor!
 45348 | Vaults:3 | Found a crumbling gateway.
 45364 | Desolati | Entered the Desolation of Salt
 45534 | Desolati | Identified the +1 leather armour of Peek-a-Boo {SInv}
 45574 | Desolati | Got the Compendium of Mutable Traumaturgy
 45766 | Desolati | Identified the ring of Huixemufir {rElec rN+ rCorr Str+3
                  | Dex+4}
 45774 | Desolati | Got the Spellbook of the Impact and Spectres
 45776 | Desolati | Identified the ring "Oneqagimn" {Ice Int+3}
 45782 | Desolati | Got the Grimoire of the Storm
 45785 | Desolati | Got Qongary's Treatise on the Hot Cucurbite
 45833 | Desolati | Reached skill level 15 in Evocations
 45915 | Desolati | Identified the +9 sling of Ediuss {drain}
 45995 | Vaults:3 | Paralysed by a formless jellyfish for 1 turns
 45997 | Vaults:3 | Reached skill level 15 in Long Blades
 46155 | Vaults:3 | Reached skill level 5 in Summonings
 47581 | Vaults:2 | Reached XP level 23. HP: 163/163 MP: 33/33
 48089 | Vaults:1 | Reached skill level 10 in Translocations
 48089 | Vaults:1 | Reached skill level 5 in Alchemy
 48102 | Vaults:1 | Identified the +4 kite shield of Plog {Rampage rF+ rCorr
                  | Int+3}
 48102 | Vaults:1 | Noticed Donald
 48113 | Vaults:1 | Killed Donald
 48249 | Vaults:1 | Reached XP level 24. HP: 170/170 MP: 33/33
 48407 | Vaults:1 | Found Diun's Jewellery Boutique.
 48515 | Vaults:1 | Bought an amulet of regeneration for 600 gold pieces
 48515 | Vaults:1 | Bought an amulet of reflection for 600 gold pieces
 50679 | Vaults:4 | Noticed Zenata
 50689 | Vaults:4 | Killed Zenata
 50930 | Vaults:4 | Noticed Boris
 50943 | Vaults:4 | Killed Boris
 51942 | Depths:1 | Entered Level 1 of the Depths
 52163 | Depths:1 | Reached skill level 10 in Summonings
 52211 | Depths:1 | Reached XP level 25. HP: 175/175 MP: 34/34
 52422 | Depths:1 | Found a gateway to Hell.
 52453 | Depths:1 | Found a blossoming altar of Fedhas.
 52784 | Depths:1 | Found Apyumar's Weapon Shop.
 53688 | Depths:2 | Found a one-way gate leading to the halls of Pandemonium.
 54313 | Depths:2 | Found a runed translucent gate.
 54313 | Depths:2 | Found a runed translucent gate.
 54313 | Depths:2 | Found a runed translucent gate.
 54378 | Depths:2 | Found a runed translucent gate.
 54378 | Depths:2 | Found a runed translucent gate.
 54378 | Depths:2 | Found a runed translucent gate.
 54815 | Depths:2 | Identified the ring "Ysua" {Will- Str+7 Dex+6}
 54933 | Depths:2 | Identified the +0 leather armour of Twilight {+Inv rPois
                  | rC+ rCorr}
 56231 | Depths:3 | Reached XP level 26. HP: 180/180 MP: 36/36
 56481 | Depths:3 | Found a one-way gate to the infinite horrors of the Abyss.
 57118 | Depths:4 | Entered Level 4 of the Depths
 57649 | Depths:4 | Found a gate to the Realm of Zot.
 58528 | Depths:4 | Noticed a dread lich
 58944 | Slime:1  | Entered Level 1 of the Pits of Slime
 59181 | Slime:5  | Entered Level 5 of the Pits of Slime
 59408 | D:6      | Bought a lightning rod (4/4) for 520 gold pieces
 59607 | Slime:5  | Found the +11 plutonium sword {^Contam Stlth-}
 59729 | Slime:5  | Noticed the Royal Jelly
 59828 | Slime:5  | Killed the Royal Jelly
 60265 | Slime:5  | Found the +2 cloak of the Thief {*Fog Slay-2 SInv Stlth+}
 60285 | Slime:5  | Got Asmodeus's Incunable of Battle Magic
 60286 | Slime:5  | Identified the ring "Okhemn" {Ice rElec Str+5}
 60376 | Slime:5  | Got a slimy rune of Zot
 60385 | Slime:5  | Identified the +8 flail of Awkwardness {freeze, rN+ Will-
                  | rCorr Str+3 Dex+7}
 60478 | Slime:5  | Identified the +5 spear "Zemiosch" {venom, *Noise rC+
                  | Int+3}
 60698 | Slime:4  | Gained mutation: You have hidden genetic defects. [a
                  | shining eye]
 60699 | Slime:4  | Gained mutation: Your magical capacity is low. (-10% MP) [a
                  | shining eye]
 60710 | Slime:2  | Lost mutation: You have hidden genetic defects. [potion of
                  | mutation]
 60710 | Slime:2  | Lost mutation: Your magical capacity is low. (-10% MP)
                  | [potion of mutation]
 60710 | Slime:2  | Gained mutation: You sometimes lose your temper in combat.
                  | [potion of mutation]
 60710 | Slime:2  | Gained mutation: You occasionally shout uncontrollably at
                  | your foes. [potion of mutation]
 60710 | Slime:2  | Gained mutation: You are robust. (+10% HP) [potion of
                  | mutation]
 60711 | Slime:2  | Lost mutation: You are robust. (+10% HP) [potion of
                  | mutation]
 60711 | Slime:2  | Lost mutation: You occasionally shout uncontrollably at
                  | your foes. [potion of mutation]
 60711 | Slime:2  | Gained mutation: You occasionally shout uncontrollably at
                  | your foes. [potion of mutation]
 60712 | Slime:2  | Lost mutation: You sometimes lose your temper in combat.
                  | [potion of mutation]
 60712 | Slime:2  | Lost mutation: You occasionally shout uncontrollably at
                  | your foes. [potion of mutation]
 60712 | Slime:2  | Gained mutation: You have a pair of small antennae on your
                  | head. [potion of mutation]
 60712 | Slime:2  | Gained mutation: You have a pair of antennae on your head.
                  | [potion of mutation]
 60712 | Slime:2  | Gained mutation: You have hidden genetic potential. [potion
                  | of mutation]
 60712 | Slime:2  | Gained mutation: Your muscles are strong. (Str +4, Int/Dex
                  | -1) [potion of mutation]
 61002 | Zot:1    | Entered Level 1 of the Realm of Zot
 61004 | Zot:1    | Found a glowing silver altar of Zin.
 61012 | Zot:1    | Found a white marble altar of Elyvilon.
 61154 | Zot:1    | Reached XP level 27. HP: 91/186 MP: 36/36
 61645 | Zot:4    | Noticed an orb of fire
 61658 | Zot:4    | Killed an orb of fire
 61945 | Zot:5    | Entered Level 5 of the Realm of Zot
 61945 | Zot:5    | Noticed kal9871's ghost (legendary OnFi)
 61945 | Zot:5    | Found a runed translucent gate.
 61945 | Zot:5    | Found a runed translucent gate.
 61945 | Zot:5    | Found a runed translucent gate.
 62436 | Zot:5    | Noticed a dread lich
 62448 | Zot:5    | Killed a dread lich
 62507 | Zot:5    | Got a prismatic gem with 52 turns to spare
 62559 | Zot:5    | Lost the prismatic gem through the power of Zot.Buggy note
                  | description: unknown note type
 62778 | Zot:5    | Noticed an orb of fire
 62778 | Zot:5    | Noticed an orb of fire
 62789 | Zot:5    | Gained mutation: You occasionally lose the ability to read
                  | scrolls when taking damage. [an orb of fire]
 62791 | Zot:5    | Noticed an orb of fire
 62795 | Zot:5    | Gained mutation: You sometimes lose the ability to read
                  | scrolls when taking damage. [an orb of fire]
 62796 | Zot:5    | Noticed an orb of fire
 62948 | Zot:5    | Noticed an orb of fire
 62957 | Zot:5    | Killed an orb of fire
 62978 | Zot:5    | Killed an orb of fire
 62979 | Zot:5    | Lost mutation: You have hidden genetic potential. [an orb
                  | of fire]
 62983 | Zot:5    | Killed an orb of fire
 62993 | Zot:5    | Killed an orb of fire
 63024 | Zot:5    | Killed an orb of fire
 63097 | Zot:5    | Noticed an orb of fire
 63105 | Zot:5    | Lost mutation: You have a pair of antennae on your head.
                  | [an orb of fire]
 63108 | Zot:5    | Killed an orb of fire
 63243 | Zot:5    | Noticed an orb of fire
 63251 | Zot:5    | Killed an orb of fire
 63725 | Zot:5    | Got the Orb of Zot
 63862 | Zot:1    | Found a glowing golden altar of the Shining One.
 64259 | D:$      | Escaped with the Orb!

Illustrated notes

Levels and vault maps discovered:
D:1:      ncdulo_watergridlock, layout_loops_ring, kennysheep_another_room,
          grunt_decor_clamped, chequers_avenue
D:2:      layout_basic, basic_altar, grunt_ministairs_15, kennysheep_nub
D:3:      layout_basic, overflow_temple_1_default, grunt_temple_overflow_open,
          uniq_sigmund
D:4:      layout_basic, serial_shops, shop
D:5:      layout_basic, nicolae_qazlal_beasts_of_the_sky,
          minmay_temple_entry_butterflies
D:6:      layout_loops_ring, serial_shops, nicolae_shop_tiny_statue_garden,
          shop, shop, nicolae_shop_industrial_runoff,
          nicolae_shop_tiny_statue_garden, corexii_corridor_pit, uniq_menkaure
D:7:      layout_basic, minmay_misc_feat_room, uniq_joseph
D:8:      layout_loops_cross, nicolae_concentric_dashed_squares_mild,
          uniq_erica, uniq_gastronok, uniq_maurice, uniq_maggie
D:9:      layout_stronghold, bloody_makhleb, mainiacjoe_overflow_alcove_4,
          hellmonk_lair_entry_icy, hiddenorc2_lemuel, serial_shops,
          nicolae_shop_real_fake_doors, kennysheep_flooded_box,
          nicolae_shop_vocational
D:10:     layout_cross, uniq_josephine
D:11:     layout_grid_maze
D:12:     layout_stronghold, amcnicky_mini_corridor_feature
D:13:     minmay_blocking_statues, layout_stronghold, ximxim_vaults_locker_room,
          nicolae_trove_entry_columns
D:14:     layout_roguey, bloody_trog, serial_shops,
          nicolae_shop_pleasant_corner_grove, shop,
          nicolae_shop_just_a_little_nook, minmay_puff
D:15:     gammafunk_depths_entry_grave, layout_long_grid, serial_shops,
          nicolae_shop_tiny_statue_garden, grunt_dithmenos_shadows, uniq_nessos
Lair:1:   layout_gridlike, gammafunk_ghost_arena, uniq_sonja, uniq_grum,
          uniq_prince_ribbit2
Lair:2:   layout_hall_layers, serial_bayou_ford_a, st_stairs_7,
          serial_bayou_shore_b, lemuel_fruit_tree, serial_bayou_shore_a,
          grunt_megastairs_1, uniq_urug
Lair:3:   layout_cave_pods, minmay_swamp_entry_worms,
          hellmonk_spider_entry_life_and_decay,
          portal_ice_cave_entry_ice_simulacra, hellmonk_guarded_unrand_zhor,
          grunt_megastairs_2
Lair:4:   layout_small_grid, chequers_serial_rivers_marsh,
          infiniplex_staircase_pool_2, grunt_megastairs_4, lemuel_fruit_fields
Lair:5:   cheibrodos_lair_end_hotspot, layout_gridlike,
          minmay_slime_entry_jelly_boxes, serial_bayou_shore_b
Swamp:1:  layout_basic_swamp, evilmike_swamp_ruin_house_1, swamp_pool_3,
          nicolae_swamp_round_clearing, cheibrodos_swamp_minitomb, uniq_frances,
          uniq_nikola
Swamp:2:  layout_falls_marsh, evilmike_swamp_ruin_wall, swamp_pool_5
Swamp:3:  layout_basic_swamp, evilmike_swamp_ruin_rubble_1, swamp_pool_3,
          st_swamp_mini
Swamp:4:  swamp, layout_basic_swamp, swamp_pool_5,
          nicolae_swamp_frolicking_bunyips
Spider:1: layout_spider_delve, hellmonk_ghost_happy_afterlife
Spider:2: nicolae_spider_hilbert_zone_3 [nicolae_spider_hilbert_4_sides_2_open,
          nicolae_spider_hilbert_3_sides_1_open,
          nicolae_spider_hilbert_3_sides_1_open,
          nicolae_spider_hilbert_3_sides_1_open,
          nicolae_spider_hilbert_3_sides_1_open,
          nicolae_spider_hilbert_4_sides_1_open,
          nicolae_spider_hilbert_4_sides_1_open,
          nicolae_spider_hilbert_4_sides_1_open,
          nicolae_spider_hilbert_4_sides_1_open,
          nicolae_spider_hilbert_4_sides_1_open,
          nicolae_spider_hilbert_4_sides_1_open,
          nicolae_spider_hilbert_4_sides_1_open,
          nicolae_spider_hilbert_4_sides_1_open,
          nicolae_spider_hilbert_3_sides_1_open,
          nicolae_spider_hilbert_3_sides_1_open,
          nicolae_spider_hilbert_3_sides_1_open,
          nicolae_spider_hilbert_3_sides_1_open]
Spider:3: layout_spider_delve
Spider:4: spider_rune_water
Slime:1:  layout_caves, cheibrodos_slime_lost_civilization_5
Slime:2:  layout_caves
Slime:3:  layout_caves
Slime:4:  layout_caves
Slime:5:  slime_pit_nicolae_inversion
Orc:1:    layout_caves, basic_altar
Orc:2:    grunt_orc_gardens, layout_caves, grunt_orc_garden, grunt_orc_garden,
          grunt_orc_garden, grunt_orc_garden, gauntlet_entry_generic
Elf:1:    layout_geoelf_grid, nicolae_elf_blasts_and_bolts, uniq_aizul
Elf:2:    nicolae_elf_blades_crystal_corner, layout_gridlike,
          due_unseen_surprise
Elf:3:    minmay_elf_hall_circle, layout_geoelf_grid, hangedman_elf_represent
Vaults:1: dpeg_vaults_monster_box, nicolae_vaults_frosty_reception,
          nicolae_vaults_ninety_degrees, nicolae_vaults_octothorpe,
          vaults_room_grunt_arrival_ludios, hangedman_vaults_snaps,
          hangedman_vaults_unwind, vaults_mumra_bighexcomb,
          nicolae_vaults_tetromino_L_1, ontoclasm_vaults_twist,
          layout_vaults_ring, serial_shops, shop, uniq_donald
Vaults:2: grunt_vaults_funnel, minmay_crypt_entry_nasty_monster,
          nicolae_vaults_network_quincunx
          [nicolae_vaults_network_quincunx_subvault,
          nicolae_vaults_network_quincunx_subvault,
          nicolae_vaults_network_quincunx_subvault,
          nicolae_vaults_network_quincunx_subvault,
          nicolae_vaults_network_quincunx_subvault],
          nicolae_vaults_door_testing_chamber, v_rooms_5,
          nicolae_vaults_storage_closets_3, nicolae_vaults_diamond_2,
          nicolae_vaults_two_Ls, layout_vaults_chaotic_city, uniq_xtahua
Vaults:3: portal_desolation_entry_salt, vaults_room_semicircle,
          hangedman_vaults_stitches, kb_rosetta, nicolae_vaults_big_ls,
          nicolae_vaults_windows_and_doors_thing, v_misc_1,
          nicolae_vaults_sesquioval_fish, ontoclasm_vaults_gateway,
          vaults_mumra_hexcomb, layout_vaults_omnicross
Vaults:4: v_misc_2, nicolae_vaults_closet_pinwheel_6, v_misc_26,
          hangedman_vaults_river_flow, nicolae_vaults_oval_intersection,
          hangedman_vaults_trim, vaults_room_grid, vaults_room_semicircle,
          nicolae_vaults_tetromino_Z_1, vaults_mumra_minichess,
          layout_vaults_quadrants, uniq_boris, uniq_zenata
Depths:1: layout_roguey, serial_shops, nicolae_shop_bloodbath_and_beyond,
          hell_entry, nicolae_sextant, nrook_campfire, fedhas_altar_2
Depths:2: kennysheep_treasure_stockpile, layout_gridlike,
          grunt_hell_entry_demonic_statue, rand_demon_pan_entry_9,
          minmay_splitting_lines, minmay_staircase_statues
Depths:3: lemuel_troll_bridge, layout_gridlike,
          nicolae_concentric_dashed_squares_wild, hangedman_coc_ice_floe,
          minmay_room_of_horrors
Depths:4: grunt_zot_entry_alcove, layout_gridlike, enter_ziggurat_d, hell_entry,
          rand_demon_pan_entry_8, serial_bayou_shore_b, grunt_megastairs_3,
          infiniplex_staircase_pool_lava
Zot:1:    layout_cathedral_of_symmetry, regret_index_zotdec_alabaster_prism,
          grunt_megastairs_5
Zot:2:    layout_onion_interference
Zot:3:    layout_twisted_circle, regret_index_zotdec_serpentine_scales,
          uniq_grunn, uniq_tiamat
Zot:4:    layout_concentric_octagons
Zot:5:    layout_basic, ebering_ghost_rock_garden

Skill      XL: |  1  2  3  4  5  6  7  8  9 10 11 12 13 14 15 16 17 18 19 20 21 22 23 24 25 26 27 |
---------------+----------------------------------------------------------------------------------+-----
Fighting       | 1 2 3 4 6 7 8 10 11 13 14 15 17 18 19 20 21 22 | 22.0
Dodging        | 1 2 3 5 6 8 9 10 11 12 13 14 15 16 17 19 20 | 20.7
Shields        | 1 2 4 6 8 10 11 | 11.5
Long Blades    | 6 8 11 12 13 14 15 16 18 20 | 20.1
Invocations    | 1 4 5 6 8 9 10 11 12 | 12.1
Translocations | 1 6 7 9 10 11 12 | 12.5
Spellcasting   | 2 5 6 7 9 |  9.3
Evocations     | 6 8 9 10 11 12 14 15 16 17 19 21 22 | 22.7
Stealth        | 4 8 9 11 12 | 12.4
Summonings     | 2 6 7 10 12 | 12.6
Alchemy        | 2 4 5 |  5.3
Earth Magic    | 1 4 |  4.9

Action                     |  1- 3 |  4- 6 |  7- 9 | 10-12 | 13-15 | 16-18 | 19-21 | 22-24 | 25-27 || total
---------------------------+-------+-------+-------+-------+-------+-------+-------+-------+-------++-------
  Melee: Falchion          |    23 |       |       |       |       |       |       |       |       ||    23
         Tentacles         |    14 |    15 |    13 |    68 |   193 |   139 |   323 |   272 |   479 ||  1516
         Constrict         |    18 |    18 |    19 |    41 |    99 |   106 |   175 |   125 |   109 ||   710
         Dagger            |    72 |    73 |       |       |       |       |       |       |       ||   145
         Punch             |     1 |     6 |     3 |     3 |    19 |    10 |    14 |    18 |    36 ||   110
         Long sword        |       |     6 |    66 |   272 |   668 |   495 |   844 |   733 |   980 ||  4064
         Scimitar          |       |       |       |       |       |    34 |    35 |       |       ||    69
         Demon blade       |       |       |       |       |       |       |       |       |   110 ||   110
  Throw: Throwing net      |       |       |       |       |     1 |       |       |       |     1 ||     2
   Cast: Blink             |       |       |       |       |       |       |     1 |       |     2 ||     3
         Summon Forest     |       |       |       |       |       |       |       |       |     6 ||     6
         Passage of Golubr |       |       |       |       |       |       |       |       |     1 ||     1
 Invoke: Ancestor Life: Ba |       |     1 |       |       |       |       |       |       |       ||     1
         Recall Ancestor   |       |       |     1 |     7 |     3 |     3 |     7 |     5 |    21 ||    47
         Idealise          |       |       |       |     1 |     2 |     3 |     8 |     1 |     5 ||    20
  Evoke: Wand              |       |     1 |     3 |    17 |    17 |     3 |     1 |     4 |    25 ||    71
         Phial of floods   |       |       |       |       |       |       |       |     1 |       ||     1
    Use: Scroll            |       |       |       |     2 |    31 |     1 |    13 |    14 |     7 ||    68
         Potion            |       |       |       |     1 |     3 |     5 |     8 |     1 |    14 ||    32
   Stab: Sleeping          |    12 |    15 |     4 |     2 |    10 |     5 |    11 |    15 |     9 ||    83
         Distracted        |       |       |     1 |     8 |    20 |    18 |    26 |    42 |    59 ||   174
         Held in net/web   |       |       |       |       |     2 |       |       |       |       ||     2
         Confused          |       |       |       |       |       |       |     1 |       |       ||     1
 Armour: Skin              |    43 |    33 |    48 |    91 |   164 |   157 |   194 |   121 |   227 ||  1078
  Dodge: Dodged            |    41 |    16 |    45 |   146 |   379 |   413 |   979 |   396 |   703 ||  3118
  Block: Kite shield       |    20 |    33 |    58 |   129 |   321 |   154 |   854 |   680 |  1037 ||  3286
         Buckler           |       |       |       |       |    53 |    90 |       |       |       ||   143
         Reflection        |       |       |       |       |       |       |       |    20 |    31 ||    51

Table legend: (Time is in decaauts)
 A = Elapsed time spent in this place.
 B = Non-inter-level travel time spent in this place.
 C = Inter-level travel time spent in this place.
 D = Time resting spent in this place.
 E = Time spent auto-exploring this place.
 F = Levels seen in this place.
 G = Mean time per level.
                   A        B        C        D        E       F      G
               +--------+--------+--------+--------+--------+-----+--------+
         Total |  64195 |  59133 |   5062 |  14991 |  31695 |  54 | 1188.8 |
       Dungeon |  19679 |  16956 |   2723 |   3324 |  10919 |  15 | 1311.9 |
          Lair |   6558 |   5728 |    830 |    545 |   4189 |   5 | 1311.6 |
         Swamp |   4950 |   4832 |    118 |   2092 |   1726 |   4 | 1237.5 |
   Spider Nest |   5998 |   5850 |    148 |   1636 |   3012 |   4 | 1499.5 |
    Slime Pits |   1481 |   1326 |    155 |    655 |      5 |   5 |  296.2 |
  Orcish Mines |   1932 |   1822 |    110 |    472 |   1018 |   2 |  966.0 |
   Elven Halls |   5799 |   5513 |    286 |   1781 |   2447 |   3 | 1933.0 |
        Vaults |   7371 |   7122 |    249 |   1319 |   4650 |   4 | 1842.8 |
        Depths |   5861 |   5562 |    299 |   1423 |   3053 |   4 | 1465.2 |
           Zot |   2728 |   2588 |    140 |   1060 |    215 |   5 |  545.6 |
      Ice Cave |    701 |    701 |      0 |    159 |    326 |   1 |  701.0 |
    Desolation |    559 |    559 |      0 |    282 |      0 |   1 |  559.0 |
      Gauntlet |    573 |    573 |      0 |    238 |    133 |   1 |  573.0 |
               +--------+--------+--------+--------+--------+-----+--------+

Top non-repeatable levels by time:
   Elf:3: 2719 daAuts
    D:13: 2625 daAuts
    D:12: 2049 daAuts
     D:9: 1943 daAuts
Vaults:3: 1933 daAuts
Depths:2: 1926 daAuts
Vaults:4: 1866 daAuts
Spider:1: 1831 daAuts
    D:14: 1816 daAuts
 Swamp:3: 1798 daAuts
Vaults:2: 1786 daAuts
Vaults:1: 1785 daAuts
Spider:4: 1776 daAuts
  Lair:3: 1765 daAuts
    D:15: 1712 daAuts
